 Dungeon Crawl Stone Soup version 0.30.1-3-gfc49f6343a (webtiles) character file.

Game seed: 4596690676833393187

2268 booth the Ducker (level 9, -8/65 HPs)
             Began as a Djinni Fire Elementalist on July 29, 2023.
             Was an Initiate of Ashenzari.
             Mangled by a yak (15 damage)
             ... on level 7 of the Dungeon on July 30, 2023.
             The game lasted 00:55:41 (7990 turns).

booth the Ducker (Djinni Fire Elementalist)         Turns: 7990, Time: 00:55:42

Health: -8/65      AC:  6    Str:  9    XL:     9   Next: 65%
Gold:   386        EV: 14    Int: 20    God:    Ashenzari [......] SH:  0 Dex: 13

rFire   + . .        d - +2 short sword
rCold   . . .        (no shield)
rNeg    . . .        t - +3 leather armour of the Cosmic Augur {Cun, Melee} (curse)
rPois   ∞            (helmet restricted)
rElec   .            n - scarf {repulsion}
rCorr   .            (no gloves)
SInv    +            (boots unavailable)
Will    .....        (no amulet)
Stlth   +++          c - ring of ice
HPRegen 0.30/turn    h - ring of see invisible
MPRegen 0.00/turn

%: repel missiles, infuse magic (-9 HP)
@: flying
A: sickness immunity, fire resistance 2, cold vulnerability 1, float, innate
caster, HP casting, extra vitality 1, horns 1, deterioration 1
a: Renounce Religion, Shatter the Chains


You were on level 7 of the Dungeon.
You worshipped Ashenzari.
Ashenzari was noncommittal.
You visited 2 branches of the dungeon, and saw 8 of its levels.

You collected 386 gold pieces.

Inventory:

Hand Weapons
 d - a +2 short sword (weapon)
 p - a +0 quarterstaff
 q - a +1 vampiric hand axe
Missiles
 g - a throwing net
 j - a poisoned dart (quivered)
Armour
 a - a +2 robe
 e - a +0 leather armour of fire resistance
 n - a scarf of repulsion (worn)
 o - a +1 ring mail of poison resistance
 t - the cursed +3 leather armour of the Cosmic Augur (worn) {Cun, Melee}
   (You took it off an orc on level 7 of the Dungeon)

   It has a curse which improves the following skills: Cunning: Dodging and
   Stealth.
   Melee Combat: Short Blades, Long Blades, Axes, Maces & Flails, Polearms,
   Staves and Unarmed Combat.
Jewellery
 b - a ring of ice
 c - a ring of ice (left hand)
 h - a ring of see invisible (right hand)
Wands
 m - a wand of charming (11)
 r - a wand of digging (4)
 v - a wand of roots (5)
Scrolls
 f - a scroll of silence
 i - 9 scrolls of teleportation
 l - 2 scrolls of fog
 s - 2 scrolls of poison
 u - a scroll of magic mapping
Potions
 k - a potion of lignification
 w - a potion of cancellation
 x - a potion of ambrosia
 z - 2 potions of heal wounds


   Skills:
 + Level 5.1 Fighting
 + Level 6.4(6.8) Dodging
 + Level 5.2(5.6) Stealth
 * Level 6.4 Spellcasting


You knew the following spells:

 Your Spells              Type           Power      Damage    Failure   Level
a - Foxfire               Conj/Fire      100%       2x1d9     1%          1
b - Scorch                Fire           64%        2d7       1%          2
c - Volatile Blastmotes   Fire/Tloc      64%        2d15      3%          3
d - Inner Flame           Hex/Fire       32%        N/A       3%          3
e - Flame Wave            Conj/Fire      32%        2d9       10%         4
f - Sting                 Tmut/Pois      100%       1d8       1%          1
g - Passwall              Tmut/Erth      26%        N/A       1%          2
h - Teleport Other        Tloc           32%        N/A       3%          3
i - Vampiric Draining     Necr           32%        2d8       3%          3
Your spell library was empty.

Dungeon Overview and Level Annotations

Branches:
Dungeon (7/15)             Temple (1/1) D:7

Altars:
Ashenzari
Cheibriados
Dithmenos
Elyvilon
Fedhas
Gozag
Makhleb
Nemelex Xobeh
Qazlal
Trog
Uskayaw
Wu Jian
Xom
Yredelemnul
Zin
The Shining One

Shops:
D:6 (


Innate Abilities, Weirdness & Mutations

You are immune to sickness and miasma.
You are immune to poison.
Your flesh is very heat resistant. (rF++)
You are vulnerable to cold. (rC-)
You float through the air rather than walking.
You learn spells naturally, not from books.
Your magical power is your life essence.
You have superior vitality. (+4 MHP)
You have a pair of small horns on your head.
Your body sometimes deteriorates upon taking damage.


Message History

A cloud of volatile blastmotes flares up around you!
The cloud of blastmotes explodes!
The concussive blast engulfs the yak!
The yak is moderately wounded.
Casting: Volatile Blastmotes (dangerous; 3% risk of failure)
Confirm with . or Enter, or press ? or * to list all spells.
Flames lash the yak.
The yak is heavily wounded.
The yak's fire resistance burns away.
Casting: Scorch (safe; 1% risk of failure)
Confirm with . or Enter, or press ? or * to list all spells.
A cloud of volatile blastmotes flares up around you!
The cloud of blastmotes explodes!
The concussive blast engulfs the yak!!
The yak is burned terribly!
You kill the yak!
The concussive blast engulfs you! You resist.
Your Fighting skill increases to level 5!
Casting: Volatile Blastmotes (dangerous; 3% risk of failure)
Confirm with . or Enter, or press ? or * to list all spells.
Flames lash the yak.
The yak is lightly wounded.
The yak's fire resistance burns away.
The yak attacks as you move away! The yak misses you.
Casting: Scorch (safe; 1% risk of failure)
Confirm with . or Enter, or press ? or * to list all spells.
You conjure some foxfire!
The yak gores you!
You hit the yak but do no damage. Your headbutt misses the yak.
The yak is lightly wounded.
The foxfire hits the yak.
The yak is burned terribly!
The yak is moderately wounded.
The foxfire hits the yak but does no damage.
The yak is moderately wounded.
The yak barely misses you. The yak misses you.
The yak is no longer more vulnerable to fire.
The yak gores you!
* * * LOW HITPOINT WARNING * * *
The yak gores you.
* * * LOW HITPOINT WARNING * * *
The yak attacks as you move away! The yak closely misses you.
The yak attacks as you move away! The yak gores you!
You die...

###############
#.........(.((#
#.###########.# #.......#
#.# # ######..####.# #.#
## #)....YY# #(# .##
#)####@## #.# ..## ##)##
#.# #Y#
#..#######...###.### # #.#
##.....<...#.......##.#.##
#..###.###...###.......YY.
..## #.# ##.## ###.# .##
#.# .# #.# .# #.####.# #.#
.# #.##...# #.#


You could see 2 yaks.

Vanquished Creatures
  Sigmund (D:6)
  2 yaks (D:7)
  A water moccasin (D:7)
  An ice beast (D:6)
  2 sky beasts
  An ogre (D:5)
  A gnoll sergeant (D:6)
  3 scorpions
  3 wights
  A gnoll bouda (D:7)
  5 orc priests
  3 jellies (D:5)
  6 iguanas
  5 sleepcaps
  7 orc wizards
  9 gnolls
  2 adders (D:2)
  A shadow imp (D:7)
  An ufetubus (D:4)
  5 dart slugs
  18 orcs
  5 endoplasms
  A giant cockroach (D:1)
  12 goblins
  7 hobgoblins
  8 jackals
  4 kobolds
  3 quokkas
  9 ball pythons
  4 bats
  5 frilled lizards
  9 rats
145 creatures vanquished.

Vanquished Creatures (others)
  305 foxfires
305 creatures vanquished.

Grand Total: 450 creatures vanquished

Notes
Turn   | Place    | Note
-------+----------+-------------------------------------------
     0 | D:1      | booth the Djinni Fire Elementalist began the quest for the
                  | Orb.
     0 | D:1      | booth set off with the following spells memorised: Foxfire,
                  | Scorch, Volatile Blastmotes, Inner Flame, Flame Wave.
     0 | D:1      | Reached XP level 1. HP: 15/15 MP: 0/0
    76 | D:1      | Reached XP level 2. HP: 18/21 MP: 0/0
   544 | D:1      | Reached XP level 3. HP: 24/25 MP: 0/0
   544 | D:1      | Learned a level 1 spell: Sting
  1349 | D:2      | Reached XP level 4. HP: 28/31 MP: 0/0
  1682 | D:2      | Found a faded altar of an unknown god.
  1730 | D:2      | Identified the +4 short sword of Jenab {heavy, Will- Int+3
                  | Dex+4}
  1886 | D:3      | Reached skill level 1 in Fighting
  2282 | D:3      | Found a snail-covered altar of Cheibriados.
  2284 | D:3      | Found a white marble altar of Elyvilon.
  2754 | D:3      | Found a glowing golden altar of the Shining One.
  2759 | D:3      | Found a bloodstained altar of Trog.
  2961 | D:4      | Reached XP level 5. HP: 22/37 MP: 0/0
  2961 | D:4      | Learned a level 2 spell: Passwall
  3461 | D:4      | Reached XP level 6. HP: 23/43 MP: 0/0
  4321 | D:5      | Entered Level 5 of the Dungeon
  4366 | D:5      | Reached XP level 7. HP: 43/49 MP: 0/0
  4366 | D:5      | Learned a level 3 spell: Teleport Other
  5162 | D:5      | Reached XP level 8. HP: 26/56 MP: 0/0
  5646 | D:6      | Found Difam's Antique Weapon Emporium.
  5732 | D:6      | Noticed Sigmund
  5745 | D:6      | Killed Sigmund
  5746 | D:6      | Reached skill level 5 in Dodging
  5749 | D:6      | Reached skill level 5 in Spellcasting
  5797 | D:6      | Gained mutation: Your body sometimes deteriorates upon
                  | taking damage. [potion of mutation]
  5797 | D:6      | Gained mutation: You have a pair of small horns on your
                  | head. [potion of mutation]
  6510 | D:6      | Reached XP level 9. HP: 52/62 MP: 0/0
  6510 | D:6      | Learned a level 3 spell: Vampiric Draining
  6753 | D:7      | Found a staircase to the Ecumenical Temple.
  6776 | Temple   | Entered the Ecumenical Temple
  6815 | Temple   | Became a worshipper of Ashenzari the Shackled
  7216 | D:7      | Reached skill level 5 in Stealth
  7437 | D:7      | Found a blossoming altar of Fedhas.
  7659 | D:7      | Found a sparkling altar of Nemelex Xobeh.
  7981 | D:7      | Reached skill level 5 in Fighting
  7990 | D:7      | Mangled by a yak

Illustrated notes

Levels and vault maps discovered:
D:1:      minmay_arrival_five_plusses, layout_basic
D:2:      layout_loops_cross, dreamdust_ecumenical_altar_hidden_monk_grotto,
          st_stairs_7
D:3:      layout_basic, mainiacjoe_overflow_big_doors, minitemple
D:4:      layout_gridville
D:5:      layout_loops_ring
D:6:      layout_rooms, serial_shops, kennysheep_mini_moat, uniq_sigmund
D:7:      layout_loops_ring, nemelex_diamond_rough_becter,
          mainiacjoe_overflow_concentric_impassable,
          minmay_temple_entry_crystal_x, chequers_decorated_corner
Temple:   nicolae_temple_godzebo

Skill      XL: |  1  2  3  4  5  6  7  8  9 |
---------------+----------------------------+-----
Stealth        | 2 3 4 5 |  5.2
Dodging        | 3 4 5 6 |  6.4
Spellcasting   | 3 4 5 6 |  6.4
Fighting       | 1 2 3 4 5 |  5.1

Action                     |  1- 3 |  4- 6 |  7- 9 || total
---------------------------+-------+-------+-------++-------
  Melee: Short sword       |    23 |    38 |    74 ||   135
         Headbutt          |       |       |    15 ||    15
         Punch             |       |       |     2 ||     2
  Throw: Dart              |       |       |     8 ||     8
   Cast: Foxfire           |    42 |    69 |    69 ||   180
         Scorch            |       |    13 |    76 ||    89
         Passwall          |       |     3 |       ||     3
         Volatile Blastmot |       |       |     8 ||     8
 Invoke: Curse Item        |       |       |     1 ||     1
    Use: Scroll            |     3 |     7 |     7 ||    17
         Potion            |     1 |     3 |     7 ||    11
 Armour: Robe              |     7 |     7 |    10 ||    24
         Leather armour    |       |       |     1 ||     1
  Dodge: Dodged            |    24 |    35 |    77 ||   136
         Repelled          |     1 |       |     2 ||     3
